 Dungeon Crawl Stone Soup version 0.29-a0-356-g7bc237e783 (webtiles) character file.

Game seed: 3926514970817941084

13614 Antichthon the Unseen (level 12, -8/80 HPs)
             Began as an Octopode Brigand on Apr 27, 2022.
             Was a Believer of Wu Jian.
             Mangled by a seven-headed hydra (14 damage)
             ... on level 2 of the Lair of Beasts.
             The game lasted 00:34:27 (15172 turns).

Antichthon the Unseen (Octopode Brigand)           Turns: 15172, Time: 00:34:28

Health: -8/80      AC:  1    Str: 11    XL:     12   Next: 7%
Magic:  12/12      EV: 19    Int: 18    God:    Wu Jian [**....]
Gold:   553        SH: 17    Dex: 17    Spells: 11/11 levels left

rFire   + . .      SeeInvis .   a - +2 dagger (spect)
rCold   . . .      Faith    .   y - +2 kite shield
rNeg    . . .      Spirit   .   (helmet restricted)
rPois   +          Reflect  .   (no amulet)
rElec   .          Harm     .   u - ring "Woxoasol" {Wiz rPois rF+}
rCorr   .          Rampage  .   B - +4 ring of evasion
Will    .....                   (no ring)
Stlth   +++++++...              (no ring)
HPRegen 0.23/turn               (no ring)
MPRegen 0.13/turn               (no ring)
                                (no ring)
                                (no ring)

@: about to teleport
A: almost no armour, amphibious, 8 rings, camouflage 1, gelatinous body 1,
(nimble swimmer 1), tentacles, large bone plates 1, clever 2, wild magic 1
a: Renounce Religion, Wall Jump


You were on level 2 of the Lair of Beasts.
You worshipped Wu Jian.
Wu Jian was pleased with you.
You visited 3 branches of the dungeon, and saw 13 of its levels.

You collected 553 gold pieces.

Inventory:

Hand Weapons
 a - a +2 spectral dagger (weapon)
 t - a +0 dagger of venom
 C - a +3 dagger
Missiles
 b - 25 poisoned darts (quivered)
 c - 4 curare-tipped darts
 r - 2 throwing nets
Armour
 y - a +2 kite shield (worn)
Jewellery
 u - the ring "Woxoasol" (left tentacle) {Wiz rPois rF+}
   (You found it on level 5 of the Dungeon)

   [ring of wizardry]

   It improves your spell success rate.
   rF:        It protects you from fire.
   rPois:     It protects you from poison.
 B - a +4 ring of evasion (right tentacle)
 E - an amulet of faith
Wands
 x - a wand of mindburst (14)
Scrolls
 g - 8 scrolls of teleportation
 m - 3 scrolls of summoning
 q - a scroll of amnesia
 s - a scroll of torment
 D - a scroll of immolation
Potions
 d - 2 potions of resistance
 e - a potion of lignification
 f - 5 potions of brilliance
 h - 7 potions of attraction
 i - 4 potions of curing
 j - a potion of flight {unknown}
 k - a potion of haste {unknown}
 l - a potion of berserk rage {unknown}
 o - 7 potions of ambrosia
 p - 4 potions of magic
 w - 2 potions of might {unknown}
 z - 2 potions of cancellation
Miscellaneous
 v - a condenser vane


   Skills:
 * Level 6.5 Fighting
 * Level 8.3 Short Blades
 - Level 2.0 Throwing
 * Level 6.6 Dodging
 * Level 15.9 Stealth
 * Level 8.0 Shields
 * Level 6.7 Evocations


You had 11 spell levels left.
You didn't know any spells.
Your spell library was empty.

Dungeon Overview and Level Annotations

Branches:
Dungeon (10/15)            Temple (1/1) D:6            Lair (2/6) D:10
 Shoals (0/4) Lair:2        Snake (0/4) Lair:2
    Orc: D:9-12

Altars:
Ashenzari
Elyvilon
Gozag
Kikubaaqudgha
Nemelex Xobeh
Okawaru
Ru
Sif Muna
Trog
Uskayaw
Wu Jian
Xom
Yredelemnul

Annotations:
D:7 1 runed translucent door, Crazy Yiuf
D:9 Erolcha
Lair:1 2 transporters


Innate Abilities, Weirdness & Mutations

You cannot wear most types of armour.
You are amphibious.
You can wear up to eight rings at the same time.
Your skin changes colour to match your surroundings (Stealth+).
Your rubbery body absorbs attacks. (AC +1, EV +1)
((You are camouflaged when in or above water. (Stealth+)))
You have tentacles for arms and can constrict up to eight enemies at once.
You are partially covered in large bone plates. (SH +4)
Your mind is very acute. (Int +4)
Your spells are a little harder to cast, but a little more powerful.


Message History

You block the rat's attack.
You spin and attack the rat.
You barely miss the rat. Your grab misses the rat.
Your +2 spectral dagger hits the rat.
You block the rat's attack. x2
You block the seven-headed hydra's attack.
The seven-headed hydra bites you!
The seven-headed hydra barely misses you.
The seven-headed hydra misses you.
The seven-headed hydra barely misses you.
The seven-headed hydra closely misses you.
The seven-headed hydra barely misses you.
Unknown command.
You swap places.
You spin and attack the rat repeatedly.
You hit the rat.
You kill the rat!
The Council accepts your kill. You block the rat's attack.
The seven-headed hydra attacks as you move away!
You block the seven-headed hydra's attack.
The seven-headed hydra bites you!
The seven-headed hydra closely misses you.
You block the seven-headed hydra's attack.
The seven-headed hydra closely misses you.
The seven-headed hydra completely misses you.
The seven-headed hydra barely misses you.
As you read the scroll of teleportation, it crumbles to dust.
You feel strangely unstable. The rat bites you but does no damage.
The seven-headed hydra bites you.
You block the seven-headed hydra's attack. x2
The seven-headed hydra completely misses you.
The seven-headed hydra bites you! x2; The seven-headed hydra misses you.
Unknown command.
Okay, then.
The seven-headed hydra attacks as you move away!
The seven-headed hydra misses you. x2
You block the seven-headed hydra's attack.
The seven-headed hydra bites you!
* * * LOW HITPOINT WARNING * * *
The seven-headed hydra bites you!
* * * LOW HITPOINT WARNING * * *
The seven-headed hydra bites you!
You die...

.......†.##.###.###
............#......
#####.............
######............
#....#.....##.....
##...##..#..###...#
#.rr.#....#.#....##
....#Dr..#...##.......
. #@####..####......
#'###...# #.......
#...+..## #.....##
+......# #..####
#......# ####
#..###.....# ## ##.#
#.....# ... ..r
##...## #. #... .+..
#..#.#.#..


You could see a seven-headed hydra, a river rat (asleep) and 3 rats.

Vanquished Creatures
  A hydra (Lair:1)
  Pikel (D:7)
  A merfolk siren (Lair:2)
  3 black mambas (Lair:2)
  8 cane toads
  3 komodo dragons
  A queen bee (Lair:1)
  A merfolk (Lair:2)
  A polar bear (shapeshifter) (D:8)
  Prince Ribbit (Lair:2)
  Grinder (D:4)
  4 blink frogs (Lair:2)
  5 yaks
  A wyvern (D:7)
  A basilisk (Lair:2)
  Edmund (D:6)
  Duvessa (D:6)
  7 water moccasins
  3 black bears (D:6)
  3 sky beasts
  3 orc warriors
  4 ogres
  3 centaurs
  A phantom (D:6)
  A kobold brigand (D:8)
  2 scorpions
  6 bullfrogs
  2 necrophages
  2 wyvern zombies (D:7)
  3 wights
  Dowan (D:6)
  20 killer bees
  5 electric eels
  A howler monkey (D:10)
  A bullfrog zombie (D:7)
  2 hounds (D:7)
  2 centaur zombies (D:7)
  A jelly (D:6)
  A gnoll shaman (D:7)
  4 orc priests (D:8)
  Jessica (D:2)
  Natasha (thrice) (D:2)
  3 iguanas
  9 orc wizards
  3 howler monkey zombies (D:7)
  9 gnolls
  7 adders
  A dart slug (D:2)
  28 orcs
  4 endoplasms
  2 giant cockroaches
  4 goblins
  2 hobgoblins
  2 quokkas (D:2)
  4 ball pythons (D:2)
  3 bats
  3 frilled lizards
  16 kobolds
  6 rats
223 creatures vanquished.

Vanquished Creatures (others)
  16 fungi (Lair:2)
  52 plants
68 creatures vanquished.

Grand Total: 291 creatures vanquished

Notes
Turn   | Place    | Note
-------+----------+-------------------------------------------
     0 | D:1      | Antichthon the Octopode Brigand began the quest for the
                  | Orb.
     0 | D:1      | Reached XP level 1. HP: 14/14 MP: 1/1
   151 | D:1      | Reached XP level 2. HP: 14/19 MP: 2/2
   409 | D:1      | Reached skill level 6 in Stealth
  1370 | D:2      | Identified the +1 leather armour "Zidd" {Drain rPois rN+}
  1392 | D:2      | Reached XP level 3. HP: 24/24 MP: 3/3
  1447 | D:2      | Noticed Natasha
  1453 | D:2      | Killed Natasha
  1502 | D:2      | Reached XP level 4. HP: 26/29 MP: 4/4
  1643 | D:2      | HP: 1/30 [poisoned by an adder]
  1971 | D:2      | Noticed Jessica
  1977 | D:2      | Killed Jessica
  1978 | D:2      | Reached skill level 7 in Stealth
  1978 | D:2      | Reached skill level 1 in Shields
  1978 | D:2      | Reached skill level 1 in Evocations
  2152 | D:2      | Noticed Natasha
  2155 | D:2      | Killed Natasha
  2156 | D:2      | Reached XP level 5. HP: 35/35 MP: 5/5
  2177 | D:2      | Noticed Natasha
  2184 | D:2      | Killed Natasha
  3135 | D:4      | Noticed a centaur
  3142 | D:4      | Killed a centaur
  3143 | D:4      | Reached skill level 8 in Stealth
  3143 | D:4      | Reached XP level 6. HP: 41/41 MP: 6/6
  3315 | D:4      | Found a sparkling altar of Nemelex Xobeh.
  3343 | D:4      | Noticed Grinder
  3348 | D:4      | Paralysed by Grinder for 7 turns
  3364 | D:4      | Paralysed by Grinder for 3 turns
  3378 | D:4      | Paralysed by Grinder for 2 turns
  3387 | D:4      | HP: 1/41 [Grinder (5)]
  3389 | D:4      | Killed Grinder
  3390 | D:4      | Reached XP level 7. HP: 2/45 MP: 7/7
  4324 | D:5      | Entered Level 5 of the Dungeon
  4397 | D:5      | Identified the ring "Woxoasol" {Wiz rPois rF+}
  4428 | D:5      | Reached skill level 9 in Stealth
  5150 | D:5      | Reached skill level 10 in Stealth
  5150 | D:5      | Reached XP level 8. HP: 52/52 MP: 8/8
  6333 | D:6      | Noticed Duvessa
  6340 | D:6      | Noticed Dowan
  6343 | D:6      | Killed Duvessa
  6355 | D:6      | Killed Dowan
  6356 | D:6      | Reached skill level 5 in Short Blades
  6358 | D:6      | Reached skill level 11 in Stealth
  6659 | D:6      | Reached XP level 9. HP: 58/58 MP: 9/9
  6883 | D:6      | Noticed Edmund
  6889 | D:6      | Noticed Pikel
  6892 | D:6      | Killed Edmund
  6967 | D:7      | Killed Pikel
  6968 | D:7      | Reached skill level 12 in Stealth
  7162 | D:6      | Found an ancient bone altar of Kikubaaqudgha.
  7177 | D:6      | Found a staircase to the Ecumenical Temple.
  7238 | Temple   | Entered the Ecumenical Temple
  7251 | Temple   | Became a worshipper of the Wu Jian Council
  8193 | D:7      | Reached skill level 13 in Stealth
  8193 | D:7      | Reached XP level 10. HP: 46/65 MP: 10/10
  8327 | D:7      | Found a runed translucent door.
  8328 | D:7      | Noticed Crazy Yiuf
  8482 | D:7      | Reached skill level 5 in Fighting
  8736 | D:7      | Reached * piety under Wu Jian
  8838 | D:7      | Found a basalt altar of Yredelemnul.
  8876 | D:7      | Found a hide-covered altar of Uskayaw.
  9576 | D:8      | Reached skill level 5 in Shields
  9766 | D:9      | Reached skill level 5 in Evocations
 10013 | D:8      | Found an opulent altar of Gozag.
 10062 | D:8      | Found an opulent altar of Gozag.
 10062 | D:8      | Found an opulent altar of Gozag.
 10070 | D:8      | Found an opulent altar of Gozag.
 10082 | D:8      | Reached ** piety under Wu Jian
 10092 | D:8      | Found a shimmering altar of Xom.
 10092 | D:8      | Found a white marble altar of Elyvilon.
 11561 | D:8      | Reached skill level 14 in Stealth
 11807 | D:9      | Noticed Erolcha
 11838 | D:8      | Gained mutation: You do not regenerate when monsters are
                  | visible. [potion of mutation]
 11838 | D:8      | Gained mutation: You have hidden genetic defects. [potion
                  | of mutation]
 11839 | D:8      | Lost mutation: You do not regenerate when monsters are
                  | visible. [potion of mutation]
 11839 | D:8      | Lost mutation: You have hidden genetic defects. [potion of
                  | mutation]
 11839 | D:8      | Gained mutation: Your mind is acute. (Int +2) [potion of
                  | mutation]
 11839 | D:8      | Gained mutation: You are partially covered in large bone
                  | plates. (SH +4) [potion of mutation]
 11839 | D:8      | Gained mutation: Your spells are a little harder to cast,
                  | but a little more powerful. [potion of mutation]
 11839 | D:8      | Gained mutation: Your mind is very acute. (Int +4) [potion
                  | of mutation]
 11880 | D:8      | Reached skill level 5 in Dodging
 12307 | D:10     | Entered Level 10 of the Dungeon
 12405 | D:10     | Found a staircase to the Lair.
 12540 | D:10     | Identified the +0 leather armour "Xihirrim" {rPois}
 12631 | D:10     | Noticed a two-headed ogre
 12658 | Lair:1   | Entered Level 1 of the Lair of Beasts
 12957 | Lair:1   | Found a transporter.
 12970 | Lair:1   | Noticed a cane toad
 12980 | Lair:1   | Killed a cane toad
 12981 | Lair:1   | Reached XP level 11. HP: 72/72 MP: 11/11
 13210 | Lair:1   | Noticed a seven-headed hydra
 13217 | Lair:1   | Killed a seven-headed hydra
 13330 | Lair:1   | Found a transporter.
 13820 | Lair:2   | Reached skill level 15 in Stealth
 14406 | Lair:2   | Found a staircase to the Snake Pit.
 14937 | Lair:2   | Noticed Prince Ribbit
 14995 | Lair:2   | Found a staircase to the Shoals.
 15057 | Lair:2   | Reached XP level 12. HP: 79/80 MP: 12/12
 15065 | Lair:2   | Killed Prince Ribbit
 15165 | Lair:2   | Noticed a seven-headed hydra
 15172 | Lair:2   | Mangled by a seven-headed hydra

Illustrated notes

Levels and vault maps discovered:
D:1:      denvon_arrival_waterhouse, layout_loops_ring, hangedman_decor_push,
          minmay_box_of_dots
D:2:      layout_basic, uniq_jessica, uniq_natasha
D:3:      layout_loops_cross, kennysheep_generic_room_3
D:4:      layout_basic, mainiacjoe_overflow_brackets, uniq_grinder
D:5:      layout_gridville, nicolae_concentric_dashed_squares_wild
D:6:      layout_rooms, kennysheep_little_box, minmay_temple_entry_glass,
          kennysheep_crisscross, uniq_edmund, uniq_duvessa, uniq_pikel
D:7:      layout_cave_pools, nicolae_yredelemnul_corpse_copse,
          lemuel_crystal_altar, uniq_crazy_yiuf_cottage
D:8:      layout_basic, grunt_temple_overflow_open,
          nicolae_gozag_conspicuous_consumption, serial_bayou,
          serial_bayou_pond_c, serial_bayou_lake_a, serial_bayou_pond_a,
          serial_bayou_pond_c
D:9:      layout_cave_pools, grunt_dithmenos_smoke, serial_column_ruins,
          column_ruins_open_small, column_ruins_columns_plus,
          column_ruins_columns_corner, column_ruins_columns_straight,
          column_ruins_grid_3, column_ruins_grid_3, column_ruins_open_tiny,
          minmay_ruined_shrine, uniq_erolcha
D:10:     layout_loops_ring, general_overflow_altar, lair_entry_dummy,
          minivault_23
Temple:   dshaligram_water_room_temple
Lair:1:   gammafunk_cloud_chamber, layout_loops_ring, special_room
          [special_room_bee]
Lair:2:   layout_concentric_octagons, elwin_shoals_entry_rooms,
          minmay_snake_entry_six_corridors, kennysheep_abandoned_house,
          uniq_gastronok, uniq_maggie, uniq_prince_ribbit2

Skill      XL: |  1  2  3  4  5  6  7  8  9 10 11 12 |
---------------+-------------------------------------+-----
Stealth        | 6 7 8 10 11 13 14 15 | 15.9
Shields        | 1 2 3 4 6 7 8 |  8.0
Evocations     | 1 2 3 4 5 6 |  6.7
Short Blades   | 3 4 5 6 7 8 |  8.3
Dodging        | 2 3 4 5 6 |  6.6
Fighting       | 3 4 5 6 |  6.5
Throwing       | |  2.0

Action                   |  1- 3 |  4- 6 |  7- 9 | 10-12 || total
-------------------------+-------+-------+-------+-------++-------
Melee: Dagger            |    50 |    39 |   166 |   416 ||   671
       Constrict         |    12 |     6 |    40 |    60 ||   118
       Tentacles         |    12 |     8 |    49 |   126 ||   195
       Punch             |     1 |     1 |     3 |     7 ||    12
Throw: Dart              |       |     8 |       |       ||     8
Invok: Lunge             |       |       |     4 |    23 ||    27
       Whirlwind         |       |       |       |     6 ||     6
  Use: Scroll            |     7 |     5 |     7 |     9 ||    28
       Potion            |       |       |     1 |     5 ||     6
 Stab: Sleeping          |     6 |    10 |    16 |    25 ||    57
       Distracted        |       |     1 |     3 |    11 ||    15
Armor: Skin              |     4 |       |     2 |     7 ||    13
Dodge: Dodged            |    16 |    14 |    69 |   105 ||   204
Block: Kite shield       |       |       |    48 |   205 ||   253

Table legend: (Time is in decaauts)
 A = Elapsed time spent in this place.
 B = Non-inter-level travel time spent in this place.
 C = Inter-level travel time spent in this place.
 D = Time resting spent in this place.
 E = Time spent auto-exploring this place.
 F = Levels seen in this place.
 G = Mean time per level.
                   A        B        C        D        E       F      G
               +--------+--------+--------+--------+--------+-----+--------+
         Total |  15081 |  14640 |    441 |   3591 |   8531 |  13 | 1160.1 |
       Dungeon |  12592 |  12277 |    315 |   2825 |   7534 |  10 | 1259.2 |
        Temple |     22 |     13 |      9 |      0 |      5 |   1 |   22.0 |
          Lair |   2467 |   2351 |    116 |    766 |    992 |   2 | 1233.5 |
               +--------+--------+--------+--------+--------+-----+--------+

Top non-repeatable levels by time:
     D:8: 2648 daAuts
     D:7: 2101 daAuts
     D:4: 1746 daAuts
  Lair:1: 1513 daAuts
     D:2: 1417 daAuts
     D:5: 1343 daAuts
     D:6: 1318 daAuts
     D:1: 1016 daAuts
  Lair:2: 953 daAuts
     D:3: 551 daAuts
    D:10: 347 daAuts
     D:9: 99 daAuts
  Temple: 22 daAuts
